 Dungeon Crawl Stone Soup version 0.29.1-15-g9cfb28693d (webtiles) character file.

Game seed: 1238332853939430271

103 vishdafish the Conjurer (level 4, -8/30 HPs)
             Began as a Demonspawn Conjurer on Mar 29, 2023.
             Killed by an exploding Robin (16 damage)
             ... ignited by their inner flame
             ... on level 2 of the Dungeon.
             The game lasted 00:02:43 (1792 turns).

vishdafish the Conjurer (Demonspawn Conjurer)       Turns: 1792, Time: 00:02:44

Health: -8/30      AC:  8    Str:  7    XL:     4   Next: 51%
Magic:  3/9        EV: 12    Int: 21    God:
Gold:   95         SH:  0    Dex: 12    Spells: 8/9 levels left

rFire   . . .      SeeInvis .   h - +2 dagger (speed)
rCold   . . .      Faith    .   (no shield)
rNeg    + . .      Spirit   .   a - +0 robe
rPois   +          Reflect  .   (no helmet)
rElec   .          Harm     .   (no cloak)
rCorr   .          Rampage  .   (no gloves)
Will    .....                   (no boots)
Stlth   ++........              (no amulet)
HPRegen 0.10/turn               f - ring of positive energy
MPRegen 0.11/turn               e - ring of poison resistance

@: brilliant, about to teleport, sanguine armoured
A: sanguine armour 1, weakness stinger 1
a: no special abilities


You were on level 2 of the Dungeon.
You visited 1 branch of the dungeon, and saw 2 of its levels.

You collected 95 gold pieces.

Inventory:

Hand Weapons
 c - a +0 dagger
 h - a +2 dagger of speed (weapon)
Armour
 a - a +0 robe (worn)
Jewellery
 e - a ring of poison resistance (right hand)
 f - a ring of positive energy (left hand)
 k - a ring of resist corrosion
Scrolls
 i - 2 scrolls of amnesia
Potions
 b - a potion of magic


   Skills:
 - Level 1.7 Dodging
 - Level 1.7 Stealth
 + Level 3.4 Spellcasting
 + Level 5.1 Conjurations


You had 8 spell levels left.
You knew the following spells:

 Your Spells              Type           Power      Damage    Failure   Level
a - Magic Dart            Conj           100%       1d8       1%          1

Your spell library contained the following spells:

 Spells                   Type           Power      Damage    Failure   Level
 Searing Ray              Conj           74%        2d7       2%          2
 Conjure Flame            Conj/Fire      21%        6-21      14%         3
 Dazzling Flash           Conj/Hex       42%        N/A       14%         3
 Passwall                 Tmut/Erth      4%         N/A       19%         2
 Fulminant Prism          Conj/Hex       10%        3d9       41%         4
 Iskenderun's Mystic Bla  Conj/Tloc      21%        2d6       41%         4
 Statue Form              Tmut/Erth      3%         N/A       100%        6


Dungeon Overview and Level Annotations

Branches:
Dungeon (2/15)

Altars:


Innate Abilities, Weirdness & Mutations

When seriously injured, your blood forms armour. (AC +6)
You have a small tail.


Message History

You kill the hobgoblin!
Robin attacks as you move away!
Robin hits you with a +2 short sword of electrocution.
You are electrocuted!!
Ouch! That really hurt!
* * * LOW HITPOINT WARNING * * *
Your blood congeals into armour.
It was a potion of brilliance.
You feel clever all of a sudden. Robin barely misses you.
The air fills with toxic fumes!
As you read the scroll labelled KEUFUEQURCH, it crumbles to dust.
It was a scroll of poison.
Robin closely misses you.
As you read the scroll labelled VUECRI NINITH, it crumbles to dust.
It is a scroll of amnesia.
Really abort (and waste the scroll)? [Y]es or [N]o only, please.
Really abort (and waste the scroll)?
Okay, then.
Robin misses you.
As you read the scroll labelled COTHRU UGIYBB, it crumbles to dust.
The creatures around you are filled with an inner flame!
It was a scroll of immolation.
Robin hits you but does no damage.
As you read the scroll labelled PUNKUA SOXT, it crumbles to dust.
It is a scroll of identify.
g - a scroll of teleportation Robin barely misses you.
As you read the scroll of teleportation, it crumbles to dust.
You feel strangely unstable. Robin misses you.
You barely miss Robin.
Flame seeps out of Robin.
You punch Robin.
Robin is lightly wounded.
You hit Robin.
Flame seeps out of Robin.
Robin is moderately wounded.
The goblin no longer looks unusually strong.
Robin is engulfed in blazing flames.
Robin explodes!
The tree burns like a torch!
The fiery explosion engulfs the rat!!
The fiery explosion engulfs you!
Ouch! That really hurt!
You die... ##....♣♣♣..#..## ##...r♣♣ ♣♣..#.§# #....♣♣ ♣♣)§#§# #...♣♣ ♣♣§§§# #..♣♣ ... ♣♣§§# #..♣ gg.

♣☼§# #.r♣ ###g###
♣§§#
#..♣♣#.....#♣♣§§#
#..♣÷#..8.g#÷§@§#
#..♣♣#.....#♣§○§#
##...##♣'♣##g)§§#
###.....g..g####
###########


You could see a hobgoblin (wandering) and 2 goblins.

Vanquished Creatures
  Jessica (D:2)
  Terence (D:2)
  Robin (D:2)
  An adder (D:2)
  A worm (D:2)
  A ball python (D:2)
  3 endoplasms
  A giant cockroach (D:1)
  8 hobgoblins
  2 quokkas (D:1)
  A bat (D:1)
  A frilled lizard (D:1)
  9 goblins
  5 kobolds
  3 rats
39 creatures vanquished.

Vanquished Creatures (others)
  8 plants (D:2)
8 creatures vanquished.

Grand Total: 47 creatures vanquished

Notes
Turn   | Place    | Note
-------+----------+-------------------------------------------
     0 | D:1      | vishdafish the Demonspawn Conjurer began the quest for the
                  | Orb.
     0 | D:1      | Reached XP level 1. HP: 13/13 MP: 3/3
   506 | D:1      | Gained mutation: You have a small tail. [demonic ancestry]
   506 | D:1      | Reached XP level 2. HP: 10/19 MP: 5/5
  1170 | D:1      | Got the Book of Transformed Conflagration
  1381 | D:2      | Gained mutation: When seriously injured, your blood forms
                  | armour. (AC +6) [demonic ancestry]
  1381 | D:2      | Reached XP level 3. HP: 24/24 MP: 7/7
  1470 | D:2      | Noticed Jessica
  1471 | D:2      | Noticed Terence
  1474 | D:2      | Killed Jessica
  1484 | D:2      | Killed Terence
  1485 | D:2      | Reached XP level 4. HP: 21/30 MP: 8/8
  1495 | D:2      | Reached skill level 5 in Conjurations
  1727 | D:2      | Noticed Robin
  1792 | D:2      | Killed Robin
  1792 | D:2      | Killed by an exploding Robin... ignited by their inner
                  | flame

Illustrated notes

Levels and vault maps discovered:
D:1:      saegor_arrival_simple_a, layout_loops_ring, minmay_quantized
D:2:      layout_basic, dilly_ecumenical_altar_fadedgnrine, uniq_terence,
          uniq_jessica, uniq_robin

Skill      XL: |  1  2  3  4 |
---------------+-------------+-----
Spellcasting   | 3 |  3.4
Conjurations   | 5 |  5.1
Dodging        | |  1.7
Stealth        | |  1.7

Action                   |  1- 3 |  4- 6 || total
-------------------------+-------+-------++-------
Melee: Unarmed           |     9 |       ||     9
       Dagger            |    35 |     7 ||    42
       Tailslap          |     5 |     1 ||     6
       Punch             |       |     1 ||     1
 Cast: Magic Dart        |    37 |    15 ||    52
  Use: Potion            |     1 |     1 ||     2
       Scroll            |       |     5 ||     5
 Stab: Distracted        |     1 |       ||     1
Armor: Robe              |     3 |     3 ||     6
Dodge: Dodged            |    24 |    11 ||    35
